 Dungeon Crawl Stone Soup version 0.29.1-15-g9cfb28693d (webtiles) character file.

Game seed: 3632732074300374165

679 nightchill the Cudgeller (level 7, -20/46 HPs)
             Began as a Gargoyle Fighter on Mar 23, 2023.
             Demolished by an ogre
             ... wielding a +0 giant spiked club
              (28 damage)
             ... on level 5 of the Dungeon.
             The game lasted 00:08:00 (5133 turns).

nightchill the Cudgeller (Gargoyle Fighter)         Turns: 5133, Time: 00:08:01

Health: -20/46     AC: 15    Str: 19    XL:     7   Next: 60%
Magic:  7/7        EV: 10    Int: 11    God:
Gold:   178        SH:  4    Dex:  9    Spells: 6/6 levels left

rFire   . . .      SeeInvis .   a - +0 flail
rCold   + . .      Faith    .   c - +0 buckler
rNeg    + . .      Spirit   .   g - +0 ring mail {Will+}
rPois   ∞          Reflect  .   n - +1 helmet
rElec   +          Harm     .   (no cloak)
rCorr   .          Rampage  .   k - +2 pair of gloves "Vanlec" {rC+ Stlth+}
Will    +....                   (no boots)
Stlth   +.........              (no amulet)
HPRegen 0.15/turn               (no ring)
MPRegen 0.10/turn               (no ring)

@: no status effects
A: sickness immunity, AC +4, negative energy resistance 1, electricity
resistance, torment resistance 1, petrification resistance
a: no special abilities


You were on level 5 of the Dungeon.
You visited 1 branch of the dungeon, and saw 5 of its levels.

You collected 178 gold pieces.

Inventory:

Hand Weapons
 a - a +0 flail (weapon)
 b - a +2 dagger of venom
 l - a +0 whip of freezing
Missiles
 o - a throwing net (quivered)
Armour
 c - a +0 buckler (worn)
 g - a +0 ring mail of willpower (worn)
 k - the +2 pair of gloves "Vanlec" (worn) {rC+ Stlth+}
   (You found it on level 2 of the Dungeon)

   rC:        It protects you from cold.
   Stlth:     It makes you more stealthy.
 n - a +1 helmet (worn)
Wands
 m - a wand of polymorph (2)
Scrolls
 f - 2 scrolls of identify
 h - 3 scrolls of teleportation
 q - a scroll of enchant weapon
 r - a scroll of magic mapping
 s - a scroll of amnesia
Potions
 d - a potion of might
 e - 2 potions of haste
 i - 2 potions of curing
 j - a potion of flight
 p - a potion of attraction
 t - a potion of resistance {unknown}


   Skills:
 + Level 6.0 Fighting
 * Level 6.9 Maces & Flails
 - Level 3.2 Armour
 - Level 3.2 Shields


You had 6 spell levels left.
You didn't know any spells.
Your spell library contained the following spells:

 Spells                   Type           Power      Damage    Failure   Level
 Foxfire                  Conj/Fire      0%         2x1d4     61%         1
 Summon Small Mammal      Summ           0%         N/A       61%         1
 Call Canine Familiar     Summ           0%         N/A       93%         3
 Conjure Flame            Conj/Fire      0%         6-21      93%         3
 Inner Flame              Hex/Fire       0%         N/A       93%         3
 Summon Guardian Golem    Hex/Summ       0%         N/A       93%         3
 Flame Wave               Conj/Fire      0%         2d4       100%        4
 Borgnjor's Revivificati  Necr           0%         N/A       100%        8
 Necromutation            Tmut/Necr      0%         N/A       100%        8
 Death's Door             Necr           0%         N/A       100%        9


Dungeon Overview and Level Annotations

Branches:
Dungeon (5/15)
 Temple: D:4-7

Altars:
Sif Muna
Vehumet


Innate Abilities, Weirdness & Mutations

You are immune to sickness and miasma.
Your stone body is resilient. (AC +4)
You are immune to poison.
You resist negative energy. (rN+)
You are resistant to electric shocks. (rElec)
You are resistant to unholy torment.
You are immune to petrification.


Message History

The puff of flame hits you but does no damage.
You block the centaur's attack.
The centaur kicks you but does no damage.
You hit the orc wizard.
You kill the orc wizard!
The ogre hits you with a +0 giant spiked club.
* * * LOW HITPOINT WARNING * * *
The centaur barely misses you. You block the centaur's attack.
The centaur hits you.
* * * LOW HITPOINT WARNING * * *
The centaur kicks you but does no damage.
The centaur hits you but does no damage.
You block the centaur's attack.
You barely miss the centaur. You block the centaur's attack.
The centaur kicks you.
* * * LOW HITPOINT WARNING * * *
The ogre hits you but does no damage.
The centaur hits you but does no damage.
The centaur kicks you but does no damage.
You sock the centaur!
The centaur is heavily wounded.
The centaur hits you but does no damage.
The centaur closely misses you. You block the ogre's attack.
You hit the centaur.
The centaur is severely wounded.
The centaur closely misses you. x2
The centaur hits you but does no damage.
The centaur kicks you but does no damage.
You hit the centaur.
The centaur is almost dead.
The centaur completely misses you. You block the centaur's attack.
The ogre hits you with a +0 giant spiked club.
* * * LOW HITPOINT WARNING * * *
The centaur closely misses you.
The centaur kicks you but does no damage.
You hit the centaur.
You kill the centaur!
The ogre hits you with a +0 giant spiked club!!
Ouch! That really hurt!
You die...

..# ##.#####....<..
..####..###).......
..##..............
##...##.........#
###..###<..##..# #
#..# ##..##.## .
##.# ##.....### ...
#.# #..##)O)##.....
#.# #.#####@.......
#.# #..# #........
#.. #.## #........
.. #. ......... ..
......... ...
..........
.....#....
...........


You could see an ogre.

Vanquished Creatures
  A centaur (D:5)
  A scorpion (D:4)
  A howler monkey (D:4)
  3 orc priests
  Terence (D:2)
  An iguana (D:4)
  Natasha (thrice) (D:2)
  5 orc wizards
  Robin (D:2)
  6 adders
  4 gnolls (D:3)
  An ufetubus (D:4)
  2 worms (D:3)
  3 dart slugs
  14 orcs
  6 endoplasms
  6 giant cockroaches
  14 goblins
  11 hobgoblins
  10 jackals
  14 kobolds
  2 quokkas
  2 ball pythons (D:1)
  3 bats
  4 frilled lizards
  5 rats
124 creatures vanquished.

Vanquished Creatures (others)
  A plant (D:1)
1 creature vanquished.

Grand Total: 125 creatures vanquished

Notes
Turn   | Place    | Note
-------+----------+-------------------------------------------
     0 | D:1      | nightchill the Gargoyle Fighter began the quest for the
                  | Orb.
     0 | D:1      | Reached XP level 1. HP: 14/14 MP: 1/1
   198 | D:1      | Reached XP level 2. HP: 19/19 MP: 2/2
   745 | D:1      | Reached XP level 3. HP: 24/24 MP: 3/3
   937 | D:1      | Found a faded altar of an unknown god.
  1159 | D:2      | Noticed Terence
  1167 | D:2      | Killed Terence
  1230 | D:2      | Found a radiant altar of Vehumet.
  1274 | D:2      | Reached XP level 4. HP: 29/29 MP: 4/4
  1317 | D:2      | Identified the +2 pair of gloves "Vanlec" {rC+ Stlth+}
  1916 | D:2      | Noticed Natasha
  1929 | D:2      | Killed Natasha
  2223 | D:2      | Noticed Robin
  2243 | D:2      | Killed Robin
  2244 | D:2      | Reached XP level 5. HP: 34/34 MP: 5/5
  2284 | D:2      | Noticed Natasha
  2578 | D:2      | Killed Natasha
  2851 | D:2      | Noticed Natasha
  2859 | D:2      | Killed Natasha
  3460 | D:3      | Reached skill level 5 in Maces & Flails
  3693 | D:3      | Reached XP level 6. HP: 32/40 MP: 6/6
  3723 | D:3      | Reached skill level 5 in Fighting
  3912 | D:3      | Found a shimmering blue altar of Sif Muna.
  4409 | D:4      | Reached XP level 7. HP: 40/44 MP: 7/7
  4817 | D:5      | Entered Level 5 of the Dungeon
  5133 | D:5      | Demolished by an ogre

Illustrated notes

Levels and vault maps discovered:
D:1:      lightli_arrival_statuegarden, layout_basic,
          chequers_ecumenical_altar_simple, chequers_decorated_corner
D:2:      layout_basic, basic_altar, serial_curves, eino_curves_04,
          eino_curves_04, eino_curves_01, hex_large, uniq_robin, uniq_terence,
          uniq_natasha
D:3:      minmay_chambers_of_threes, layout_loops_cross,
          mainiacjoe_overflow_catwalk
D:4:      layout_rooms
D:5:      layout_layer_cave, mainiacjoe_overflow_24_doors,
          minmay_temple_entry_glass, uniq_edmund, uniq_ijyb

Skill      XL: |  1  2  3  4  5  6  7 |
---------------+----------------------+-----
Maces & Flails | 3 4 5 6 |  6.9
Fighting       | 4 5 6 |  6.0
Armour         | |  3.2
Shields        | |  3.2

Action                   |  1- 3 |  4- 6 |  7- 9 || total
-------------------------+-------+-------+-------++-------
Melee: Flail             |    90 |   268 |   110 ||   468
       Dagger            |     3 |       |       ||     3
       Unarmed           |       |     3 |       ||     3
  Use: Potion            |       |     3 |       ||     3
       Scroll            |       |     4 |     2 ||     6
 Stab: Sleeping          |       |     3 |       ||     3
Armor: Scale mail        |    43 |       |       ||    43
       Ring mail         |     5 |   131 |    66 ||   202
Dodge: Dodged            |    45 |   149 |    44 ||   238
Block: Buckler           |    20 |    51 |    27 ||    98
